 Dungeon Crawl Stone Soup version 0.26-a0-466-g989023bd0d (webtiles) character file.

Game seed: 1360419314193216987

80 epen the Caller (level 4, -2/32 HPs)
             Began as a Gnoll Summoner on Aug 2, 2020.
             Slain by a worker ant (7 damage)
             ... on level 2 of the Dungeon.
             The game lasted 00:02:27 (2978 turns).

epen the Caller (Gnoll Summoner)                    Turns: 2978, Time: 00:02:27

Health: -2/32      AC:  2    Str: 12    XL:     4   Next: 39%
Magic:  2/11       EV: 15    Int: 17    God:
Gold:   76         SH:  0    Dex: 15    Spells: 9/13 levels left

rFire    . . .     SeeInvis .   b - +0 spear
rCold    . . .     Faith    .   (no shield)
rNeg     . . .     Spirit   .   a - +0 robe
rPois    .         Reflect  .   (no helmet)
rElec    .         Harm     .   (no cloak)
rCorr    .                      (no gloves)
MR       .....                  (no boots)
Stlth    +++.......             (no amulet)
HPRegen  0.10/turn              (no ring)
MPRegen  0.12/turn              (no ring)

@: no status effects
A: distributed training, fangs 1, strong nose
a: no special abilities


You were on level 2 of the Dungeon.
You visited 1 branch of the dungeon, and saw 3 of its levels.

You collected 76 gold pieces.

Inventory:

Hand Weapons
 b - a +0 spear (weapon)
Armour
 a - a +0 robe (worn)
Scrolls
 c - 2 scrolls of identify {unknown}
 e - 4 scrolls of teleportation {unknown}
 f - 2 scrolls of remove curse {unknown}
 g - a scroll of blinking {unknown}
Potions
 h - a potion of degeneration {unknown}


   Skills:
 + Level 1.1 Fighting
 + Level 1.1 Short Blades
 + Level 1.1 Long Blades
 + Level 1.1 Axes
 + Level 1.1 Maces & Flails
 + Level 1.1 Polearms
 + Level 1.1 Staves
 + Level 1.1 Slings
 + Level 1.1 Bows
 + Level 1.1 Crossbows
 + Level 1.1 Throwing
 + Level 1.1 Armour
 + Level 4.6 Dodging
 + Level 4.2 Stealth
 + Level 1.1 Shields
 + Level 1.1 Unarmed Combat
 + Level 5.1 Spellcasting
 + Level 0.9 Conjurations
 + Level 0.9 Hexes
 + Level 7.1 Summonings
 + Level 0.9 Necromancy
 + Level 0.9 Translocations
 + Level 0.9 Transmutations
 + Level 0.9 Fire Magic
 + Level 0.9 Ice Magic
 + Level 0.9 Air Magic
 + Level 0.9 Earth Magic
 + Level 0.9 Poison Magic
 + Level 1.2 Invocations
 + Level 1.1 Evocations


You had 9 spell levels left.
You knew the following spells:

 Your Spells              Type           Power        Failure   Level
a - Summon Small Mammal   Summ           ####         1%          1
b - Call Canine Familiar  Summ           ####....     2%          3

Your spell library contained the following spells:

 Spells                   Type           Power        Failure   Level
 Call Imp                 Summ           ####....     1%          2
 Summon Guardian Golem    Hex/Summ       ###.....     9%          3
 Summon Ice Beast         Ice/Summ       ###.....     26%         4
 Summon Lightning Spire   Summ/Air       ###.....     26%         4


Dungeon Overview and Level Annotations

Branches:
Dungeon (3/15)

Altars:


Innate Abilities, Weirdness & Mutations

Your experience applies equally to all skills.
You have very sharp teeth.
Your uncanny sense of smell can sniff out nearby items.


Message History

The adder bites your hound. The hobgoblin closely misses you.
The howler monkey hits you.
Your hound barely misses the adder.
The hobgoblin hits you with a +0 club.
You are too injured to fight recklessly!
The adder bites your hound.
Your hound dies!
Your hound's corpse disappears in a puff of smoke!
The howler monkey hits you!
* * * LOW HITPOINT WARNING * * *
The hobgoblin hits you.
* * * LOW HITPOINT WARNING * * *
The hobgoblin closely misses you. The worker ant closely misses you.
You climb upwards.
* * * LOW HITPOINT WARNING * * *
You feel sick.
There is a stone staircase leading down here.
It was a potion of curing.
You feel better. The howler monkey hits you!
* * * LOW HITPOINT WARNING * * *
The worker ant bites you!
You die...

##(## #>#########.
##...##########.## ##....
#...........##.#.## #.....
##..[######.#.###.###.....
##.## #..## ##........ #.#
###.#######....... ##### #.#
#.................
#...####.#####h###.###.####..).
#........(...#@# ##.#.......[..
#...#####.##.ga#####.#.##.....#
##.#..........g....###.##.#####
###.#.#####.#...###.# #.##<#
#.....# #.#...# #.# #.##.#
#.#.### #.#...###.###.##.#
##....# #.#...........##.#
#...#.# #.#..####........#
#.#..†# #.#..# #.############


You could see a howler monkey, a worker ant and 2 hobgoblins.

Vanquished Creatures
  An adder (D:2)
  2 dart slugs
  4 leopard geckos (D:2)
  2 orcs (D:2)
  3 ball pythons (D:2)
  A giant cockroach (D:2)
  5 goblins
  5 hobgoblins
  2 jackals (D:2)
  3 kobolds
  6 bats
  7 frilled lizards
  7 rats
48 creatures vanquished.

Vanquished Creatures (collateral kills)
  An adder (D:3)
  A worm (D:2)
  A bat (D:1)
  A hobgoblin (D:1)
  2 jackals (D:1)
6 creatures vanquished.

Grand Total: 54 creatures vanquished

Notes
Turn   | Place    | Note
-------+----------+-------------------------------------------
     0 | D:1      | epen the Gnoll Summoner began the quest for the Orb.
     0 | D:1      | Reached XP level 1. HP: 13/13 MP: 6/6
   311 | D:1      | Reached XP level 2. HP: 13/19 MP: 7/7
  1333 | D:2      | Reached XP level 3. HP: 16/25 MP: 9/9
  1455 | D:2      | Reached skill level 5 in Spellcasting
  1611 | D:2      | Reached skill level 1 in Invocations
  2164 | D:2      | Learned a level 3 spell: Call Canine Familiar
  2266 | D:2      | Reached skill level 1 in Fighting
  2266 | D:2      | Reached skill level 1 in Short Blades
  2266 | D:2      | Reached skill level 1 in Long Blades
  2266 | D:2      | Reached skill level 1 in Axes
  2266 | D:2      | Reached skill level 1 in Maces & Flails
  2266 | D:2      | Reached skill level 1 in Polearms
  2266 | D:2      | Reached skill level 1 in Staves
  2266 | D:2      | Reached skill level 1 in Slings
  2266 | D:2      | Reached skill level 1 in Bows
  2266 | D:2      | Reached skill level 1 in Crossbows
  2266 | D:2      | Reached skill level 1 in Throwing
  2266 | D:2      | Reached skill level 1 in Armour
  2266 | D:2      | Reached skill level 1 in Shields
  2266 | D:2      | Reached skill level 1 in Unarmed Combat
  2266 | D:2      | Reached skill level 1 in Evocations
  2414 | D:2      | Reached XP level 4. HP: 32/32 MP: 11/11
  2978 | D:2      | Slain by a worker ant

Illustrated notes

Levels and vault maps discovered:
D:1:      mushboom_english_gardens, layout_loops_ring, hangedman_glass_teeth,
          chequers_serial_rivers_micro_c, kennysheep_decorative_pillar
D:2:      minmay_alternating_diamond, layout_loops_ring
D:3:      layout_rooms, nicolae_overflow_crystal_walls, st_stairs_5,
          hangedman_decor_push

Skill      XL: |  1  2  3 |
---------------+----------+-----
Spellcasting   | 5 |  5.1
Invocations    | 1 |  1.2
Fighting       | 1 |  1.1
Short Blades   | 1 |  1.1
Long Blades    | 1 |  1.1
Axes           | 1 |  1.1
Maces & Flails | 1 |  1.1
Polearms       | 1 |  1.1
Staves         | 1 |  1.1
Slings         | 1 |  1.1
Bows           | 1 |  1.1
Crossbows      | 1 |  1.1
Throwing       | 1 |  1.1
Armour         | 1 |  1.1
Shields        | 1 |  1.1
Unarmed Combat | 1 |  1.1
Evocations     | 1 |  1.1
Dodging        | |  4.6
Stealth        | |  4.2
Conjurations   | |  0.9
Hexes          | |  0.9
Summonings     | |  7.1
Necromancy     | |  0.9
Translocations | |  0.9
Transmutations | |  0.9
Fire Magic     | |  0.9
Ice Magic      | |  0.9
Air Magic      | |  0.9
Earth Magic    | |  0.9
Poison Magic   | |  0.9

Action                   |  1- 3 |  4- 6 || total
-------------------------+-------+-------++-------
Melee: Spear             |   165 |    47 ||   212
       Unarmed           |     3 |       ||     3
       Bite              |    14 |     6 ||    20
 Cast: Summon Small Mamm |     9 |     1 ||    10
       Call Canine Famil |     1 |     4 ||     5
  Use: Potion            |       |     1 ||     1
 Stab: Sleeping          |    14 |     1 ||    15
Armor: Robe              |    18 |     9 ||    27
Dodge: Dodged            |    99 |    44 ||   143

Table legend: (Time is in decaauts)
 A = Elapsed time spent in this place.
 B = Non-inter-level travel time spent in this place.
 C = Inter-level travel time spent in this place.
 D = Time resting spent in this place.
 E = Time spent auto-exploring this place.
 F = Levels seen in this place.
 G = Mean time per level.
                   A        B        C        D        E       F      G
               +--------+--------+--------+--------+--------+-----+--------+
         Total |   2992 |   2910 |     82 |    610 |   1872 |   3 |  997.3 |
       Dungeon |   2992 |   2910 |     82 |    610 |   1872 |   3 |  997.3 |
               +--------+--------+--------+--------+--------+-----+--------+

Top non-repeatable levels by time:
     D:2: 1733 daAuts
     D:1: 1245 daAuts
     D:3: 13 daAuts
